 Dungeon Crawl Stone Soup version 0.23.0-33-g5e6c059 (webtiles) character file.

Game seed: 9438368556293479042

300 pjoxt the Firebug (level 6, -3/28 HPs)
             Began as a Gargoyle Fire Elementalist on Feb 26, 2019.
             Was an Initiate of Hepliaklqana.
             Slain by an ice beast (14 damage)
             ... on level 4 of the Dungeon.
             The game lasted 00:10:19 (3635 turns).

pjoxt the Firebug (Gargoyle Fire Elementalist)      Turns: 3635, Time: 00:10:20

Health: -3/28      AC:  7    Str: 13    XL:     6   Next: 36%
Magic:  3/10       EV: 12    Int: 15    God:    Hepliaklqana [......]
Gold:   155        SH:  0    Dex: 11    Spells: 8/11 levels left

rFire    . . .     SeeInvis .   h - +0 whip
rCold    . . .     Gourm    .   (no shield)
rNeg     + . .     Faith    .   a - +0 robe
rPois    ∞         Spirit   .   b - +0 helmet
rElec    +         Reflect  .   (no cloak)
rCorr    .         Harm     .   (no gloves)
MR       +....                  (no boots)
Stlth    ++........             (no amulet)
HPRegen  0.09/turn              l - ring of protection from magic
MPRegen  0.12/turn              (no ring)

@: no status effects
A: reduced essence, negative energy resistance 1, electricity resistance,
unbreathing, petrification resistance, rot immunity, AC +4
a: Recall Ancestor, Ancestor Identity, Renounce Religion


You were on level 4 of the Dungeon.
You worshipped Hepliaklqana.
Hepliaklqana was noncommittal.
You were not hungry.

You visited 1 branch of the dungeon, and saw 4 of its levels.

You collected 155 gold pieces.

Inventory:

Hand Weapons
 h - a +0 whip (weapon)
Armour
 a - a +0 robe (worn)
 b - a +0 helmet (worn)
 g - a +0 scale mail
 w - a +2 ring mail of fire resistance
Jewellery
 l - a ring of protection from magic (left hand)
Wands
 p - a wand of iceblast (7)
Scrolls
 d - 3 scrolls of magic mapping {unknown}
 e - 2 scrolls of teleportation {unknown}
 j - 2 scrolls of noise {unknown}
 m - 2 scrolls of blinking {unknown}
 o - 4 scrolls of identify {unknown}
 q - 2 scrolls of remove curse {unknown}
 u - a scroll of immolation {unknown}
Potions
 f - a potion of haste {unknown}
 i - 2 potions of flight {unknown}
 k - a potion of heal wounds {unknown}
 n - a potion of lignification {unknown}
 r - 2 potions of brilliance {unknown}
 s - a potion of curing {unknown}
 t - a potion of mutation {unknown}
Comestibles
 c - 5 rations
 v - 2 chunks of flesh


   Skills:
 - Level 1.8 Dodging
 - Level 2.1 Stealth
 + Level 3.2 Spellcasting
 * Level 4.1 Conjurations
 * Level 4.9 Fire Magic


You had 8 spell levels left.
You knew the following spells:

 Your Spells              Type           Power        Failure   Level  Hunger
a - Flame Tongue          Conj/Fire      ###..        3%          1    #......
b - Throw Flame           Conj/Fire      ###...       4%          2    ##.....

Your spell library contained the following spells:

 Spells                   Type           Power        Failure   Level  Hunger
 Conjure Flame            Conj/Fire      ###.....     10%         3    ###....
 Inner Flame              Hex/Fire       #.......     22%         3    ###....
 Sticky Flame             Conj/Fire      ###.....     30%         4    #####..
 Fireball                 Conj/Fire      ###.......   65%         5    ######.


Dungeon Overview and Level Annotations

Branches:
Dungeon (4/15)
 Temple: D:4-7

Altars:
Hepliaklqana
Kikubaaqudgha
Nemelex Xobeh
Xom


Innate Abilities, Weirdness & Mutations

You are resistant to torment.
Your stone body is resilient. (AC +4)
You are immune to poison.
You resist negative energy. (rN+)
You are resistant to electric shocks. (rElec)
You can survive without breathing.
You are immune to petrification.
You are immune to rotting.
Your life essence is reduced to manifest your ancestor. (-10% HP)


Message History

Gnaeus hits the ice beast but does no damage.
The ice beast hits you but does no damage.
Gnaeus hits the ice beast!
You barely miss the ice beast.
The ice beast is moderately wounded.
The ice beast hits you. The ice beast freezes you!
Gnaeus barely misses the ice beast.
You hit the ice beast.
The ice beast is moderately wounded.
The ice beast barely misses you.
Gnaeus barely misses the ice beast.
Casting: Throw Flame (safe; 4% risk of failure)
Confirm with . or Enter, or press ? or * to list all spells.
Aiming: Flame Tongue (safe; 3% risk of failure)
Press: ? - help, Shift-Dir - straight line, f - ice beast
Aim: an ice beast (moderately wounded)
The flame tongue hits the ice beast but does no damage.
The ice beast is moderately wounded.
The ice beast hits you. The ice beast freezes you!
Ouch! That really hurt!
You die...

.... ... . ... .... #.. ..... #.#
.........##.# ............##.#
...........##@######
###..<........Y.#....#
#........#....R.#.(..#
......#....#.........#
...##..#..............#
..........##..........# #####
...#.............#....# #....
.#....#...##.....#....#######....
.#..#.#..........#...............


You could see the friendly Gnaeus the ancestor and an ice beast.

Vanquished Creatures
  A centaur skeleton (D:3)
  A hound (D:4)
  2 worker ants (D:4)
  4 adders
  4 gnolls (D:3)
  2 oozes (D:3)
  4 worms
  A dart slug (D:4)
  2 leopard geckos
  2 bat zombies (D:3)
  6 giant cockroaches
  9 goblins
  7 hobgoblins
  A quokka (D:2)
  2 ball pythons
  12 bats
  3 frilled lizards
  6 kobolds
  6 rats
75 creatures vanquished.

Vanquished Creatures (collateral kills)
  A hound (D:4)
1 creature vanquished.

Grand Total: 76 creatures vanquished

Notes
Turn   | Place    | Note
-------+----------+-------------------------------------------
     0 | D:1      | pjoxt the Gargoyle Fire Elementalist began the quest for
                  | the Orb.
     0 | D:1      | Reached XP level 1. HP: 10/10 MP: 3/3
   335 | D:1      | Reached XP level 2. HP: 8/15 MP: 1/5
   992 | D:1      | Reached XP level 3. HP: 15/19 MP: 0/6
  1050 | D:1      | Learned a level 2 spell: Throw Flame
  1880 | D:2      | Reached XP level 4. HP: 22/24 MP: 2/7
  2516 | D:3      | Reached XP level 5. HP: 28/28 MP: 1/9
  3014 | D:3      | Found an ancient bone altar of Kikubaaqudgha.
  3413 | D:4      | Found a shimmering altar of Xom.
  3414 | D:4      | Found a hazy altar of Hepliaklqana.
  3415 | D:4      | Noticed a spectral ugly thing
  3466 | D:4      | Reached XP level 6. HP: 19/32 MP: 4/10
  3519 | D:4      | Found a sparkling altar of Nemelex Xobeh.
  3577 | D:4      | Became a worshipper of Hepliaklqana the Forgotten
  3625 | D:4      | Noticed an ice beast
  3635 | D:4      | Slain by an ice beast

Skill      XL: |  1  2  3  4  5  6 |
---------------+-------------------+-----
Conjurations   | 2 3 4 |  4.1
Fire Magic     | 4 |  4.9
Spellcasting   | 3 |  3.2
Dodging        | |  1.8
Stealth        | |  2.1

Action                   |  1- 3 |  4- 6 || total
-------------------------+-------+-------++-------
Melee: Unarmed           |     5 |       ||     5
       Club              |    14 |       ||    14
       Whip              |    48 |   134 ||   182
 Cast: Flame Tongue      |    44 |    43 ||    87
       Throw Flame       |    16 |    20 ||    36
 Stab: Sleeping          |     2 |     1 ||     3
  Eat: Chunk             |     5 |     7 ||    12
Armor: Robe              |    31 |    75 ||   106
Dodge: Dodged            |    65 |   124 ||   189
